 Dungeon Crawl Stone Soup version 0.25-a0-786-g5b70d41e48 (webtiles) character file.

Game seed: 5598996622181881916, levelgen mode: deterministic

116 Mirvandir the Digger (level 5, 0/28 HPs)
             Began as a Gargoyle Earth Elementalist on Apr 18, 2020.
             Killed by divine providence
             ... invoked by an orc priest
              (12 damage)
             ... on level 2 of the Dungeon.
             The game lasted 00:02:33 (1558 turns).

Mirvandir the Digger (Gargoyle Earth Elementalist)  Turns: 1558, Time: 00:02:34

Health: 0/28       AC:  6    Str: 11    XL:     5   Next: 0%
Magic:  2/9        EV: 12    Int: 17    God:
Gold:   63         SH:  0    Dex: 10    Spells: 6/10 levels left

rFire    . . .     SeeInvis .   h - +2 short sword (elec)
rCold    . . .     Gourm    .   (no shield)
rNeg     + . .     Faith    .   c - +0 robe
rPois    ∞         Spirit   .   (no helmet)
rElec    +         Reflect  .   (no cloak)
rCorr    .         Harm     .   (no gloves)
MR       .....                  (no boots)
Stlth    ++........             (no amulet)
HPRegen  0.09/turn              (no ring)
MPRegen  0.11/turn              (no ring)

@: no status effects
A: negative energy resistance 1, electricity resistance, unbreathing,
petrification resistance, rot immunity, AC +4
a: no special abilities


You were on level 2 of the Dungeon.
You were not hungry.

You visited 1 branch of the dungeon, and saw 2 of its levels.

You collected 63 gold pieces.

Inventory:

Hand Weapons
 e - a +0 short sword
 h - a +2 short sword of electrocution (weapon)
Missiles
 b - 49 stones (quivered)
Armour
 c - a +0 robe (worn)
Scrolls
 f - 4 scrolls of identify {unknown}
 g - 2 scrolls of remove curse {unknown}
 l - a scroll of teleportation {unknown}
 m - a scroll of amnesia {unknown}
Potions
 a - a potion of stabbing {unknown}
 i - a potion of magic {unknown}
 k - a potion of curing {unknown}
Comestibles
 d - 3 rations
 j - 3 chunks of flesh


   Skills:
 - Level 1.5 Dodging
 - Level 2.1 Stealth
 + Level 3.2 Spellcasting
 + Level 1.8 Conjurations
   Level 0.7 Transmutations
 + Level 5.0 Earth Magic


You had 6 spell levels left.
You knew the following spells:

 Your Spells              Type           Power        Failure   Level  Hunger
a - Sandblast             Erth           ###...       2%          1    None
b - Stone Arrow           Conj/Erth      ##....       12%         3    ###....

Your spell library contained the following spells:

 Spells                   Type           Power        Failure   Level  Hunger
 Passwall                 Tmut/Erth      ##......     8%          2    ##.....
 Petrify                  Tmut/Erth      ##......     45%         4    ####...
 Lee's Rapid Deconstruct  Erth           ###.......   52%         5    ######.


Dungeon Overview and Level Annotations

Branches:
Dungeon (2/15)

Altars:


Innate Abilities, Weirdness & Mutations

You are resistant to torment.
Your stone body is resilient. (AC +4)
You are immune to poison.
You resist negative energy. (rN+)
You are resistant to electric shocks. (rElec)
You can survive without breathing.
You are immune to petrification.
You are immune to rotting.


Message History

Casting: Sandblast (safe; 2% risk of failure)
Confirm with . or Enter, or press ? or * to list all spells.
Aiming: Sandblast (safe; 2% risk of failure)
Press: ? - help, Shift-Dir - straight line, f - quokka
Aim: a quokka The blast of sand hits the quokka but does no damage.
b - 50 stones The quokka barely misses you.
The quokka completely misses you.
Casting: Sandblast (safe; 2% risk of failure)
Confirm with . or Enter, or press ? or * to list all spells.
Aiming: Sandblast (safe; 2% risk of failure)
Press: ? - help, Shift-Dir - straight line, f/p - quokka
Aim: a quokka The blast of sand hits the quokka.
You kill the quokka!
You have reached level 5!
b - 49 stones The orc priest invokes the aid of Beogh against you.
Beogh smites you!
You die...

#....).............#.###..#
.....#..#####...........#
#.## ### #.##
##..###.....###..## #.
##.....####..#...... ..
##..###.####......... ###
#..###o..............
##<##go...g...........
##..##)########.#b....
##..###@# ##.# ...
#...÷...##### #†o# b
#....########....#.##
........# #.g.# ........#
##.r# .....<..# ...o#
........# (...{g. ........#
........# .(......#
.##....og


You could see an orc priest, an orc wizard and a goblin.

Vanquished Creatures
  A hound (D:2)
  4 adders (D:2)
  2 worms (D:2)
  An orc (D:2)
  A giant cockroach (D:2)
  2 goblins
  7 hobgoblins
  6 jackals (D:2)
  8 kobolds
  A quokka (D:2)
  A ball python (D:2)
  A bat (D:2)
  6 rats
41 creatures vanquished.

Notes
Turn   | Place    | Note
-------+----------+-------------------------------------------
     0 | D:1      | Mirvandir the Gargoyle Earth Elementalist began the quest
                  | for the Orb.
     0 | D:1      | Reached XP level 1. HP: 10/10 MP: 3/3
   120 | D:1      | Reached skill level 4 in Earth Magic
   120 | D:1      | Reached XP level 2. HP: 11/15 MP: 5/5
  1160 | D:2      | Reached XP level 3. HP: 17/19 MP: 6/6
  1169 | D:2      | Learned a level 3 spell: Stone Arrow
  1339 | D:2      | Reached skill level 1 in Conjurations
  1339 | D:2      | Reached XP level 4. HP: 12/24 MP: 8/8
  1554 | D:2      | Reached skill level 5 in Earth Magic
  1558 | D:2      | Reached XP level 5. HP: 12/28 MP: 2/9
  1558 | D:2      | Killed from afar by an orc priest

Levels and vault maps discovered:
D:1:      tarquinn_simple_flora_water_b, layout_basic
D:2:      layout_rooms

Skill      XL: |  1  2  3  4 |
---------------+-------------+-----
Earth Magic    | 4 5 |  5.0
Conjurations   | 1 |  1.8
Spellcasting   | 3 |  3.2
Dodging        | |  1.5
Stealth        | |  2.1
Transmutations | |  0.7

Action                   |  1- 3 |  4- 6 || total
-------------------------+-------+-------++-------
Melee: Short sword       |    84 |    15 ||    99
       Unarmed           |     4 |       ||     4
 Cast: Sandblast         |     7 |     7 ||    14
 Stab: Sleeping          |       |     1 ||     1
  Eat: Chunk             |     1 |     1 ||     2
Armor: Robe              |    26 |     7 ||    33
Dodge: Dodged            |    49 |    17 ||    66

Table legend:
 A = Non-vault XP
 B = Vault XP
 C = Vault XP percentage of total XP
 D = Non-vault monster count
 E = Vault monster count
 F = Vault count percentage of total count
                 A         B        C        D         E       F
            +---------+---------+-------+---------+---------+-------
      Total |     166 |       0 |   0.0 |      41 |       0 |   0.0
            +---------+---------+-------+---------+---------+-------
        D:1 |      25 |       0 |   0.0 |      17 |       0 |   0.0
        D:2 |     141 |       0 |   0.0 |      24 |       0 |   0.0
            +---------+---------+-------+---------+---------+-------
